 Dungeon Crawl Stone Soup version 0.19.0-19-g8c6edcc (console) character file.

99 Gottschkopf the Skirmisher (level 4, -7/45 HPs)
             Began as a Minotaur Fighter on Nov 16, 2016.
             Killed by divine providence
             ... invoked by an orc priest
              (15 damage)
             ... on level 2 of the Dungeon.
             The game lasted 00:02:39 (1583 turns).

Gottschkopf the Skirmisher (Minotaur Fighter)       Turns: 1583, Time: 00:02:40

Health: -7/45      AC:  8    Str: 21    XL:     4   Next: 45%
Magic:  3/3        EV:  7    Int:  5    God:
Gold:   144        SH:  9    Dex: 10    Spells: 0 memorised, 3 levels left

rFire  + . .     SeeInvis .     a - +0 long sword
rCold  . . .     Gourm    .     b - +0 scale mail
rNeg   . . .     Faith    .     c - +0 shield
rPois  .         Spirit   .     (helmet restricted)
rElec  .         Reflect  .     (no cloak)
rCorr  .         Harm     .     (no gloves)
MR     .....                    r - +0 pair of boots
Stlth  ..........               (no amulet)
                                (no ring)
                                j - ring of protection from fire

@: no status effects
A: retaliatory headbutt, horns 2
a: no special abilities


You were on level 2 of the Dungeon.
You were not hungry.

You visited 1 branch of the dungeon, and saw 3 of its levels.

You collected 144 gold pieces.

Inventory:

Hand Weapons
 a - a +0 long sword (weapon)
Armour
 b - a +0 scale mail (worn)
 c - a +0 shield (worn)
 r - a +0 pair of boots (worn)
Jewellery
 j - a ring of protection from fire (left hand)
Scrolls
 e - a scroll of amnesia {unknown}
 h - a scroll of remove curse {unknown}
 i - 2 scrolls of identify {unknown}
 l - a scroll of teleportation {unknown}
 p - a scroll of fog {unknown}
Potions
 d - a potion of might
 m - 2 potions of agility {unknown}
 o - a potion of invisibility {unknown}
 t - a potion of lignification {unknown}
Books
 s - a book of Misfortune

   Spells                             Type                      Level
   a - Confusing Touch                Hexes                        1
   b - Confuse                        Hexes                        3
   c - Gell's Gravitas                Hexes/Translocation          3
   d - Petrify                        Transmutation/Earth          4
   e - Metabolic Englaciation         Hexes/Ice                    5
   f - Yara's Violent Unravelling     Hexes/Transmutation          5
Comestibles
 f - a bread ration
 g - 7 chunks of flesh
 k - 3 fruits
 n - a royal jelly
 q - a meat ration


   Skills:
 + Level 6.4 Fighting
 - Level 2.4 Long Blades
 - Level 3.6 Armour
 - Level 3.6 Shields


You had 3 spell levels left.
You didn't know any spells.

Dungeon Overview and Level Annotations

Branches:
Dungeon (3/15)

Altars:
Trog


Innate Abilities, Weirdness & Mutations

You reflexively headbutt those who attack you in melee.
You have a pair of horns on your head.


Message History

The orc priest is lightly wounded.
You block the orc's attack. You block the orc priest's attack.
You barely miss the orc priest.
The orc priest is lightly wounded.
You block the orc's attack. You block the orc priest's attack.
The orc closely misses you. You furiously retaliate!
You headbutt the orc!
You kill the orc!
You block the orc priest's attack.
You barely miss the orc priest.
The orc priest is lightly wounded.
The orc priest hits you.
* * * LOW HITPOINT WARNING * * *
You closely miss the orc priest. Your headbutt misses the orc priest.
The orc priest is lightly wounded.
The orc priest closely misses you.
Your shield and scale mail prevent you from hitting the orc priest.
The orc priest is lightly wounded.
The orc priest mumbles some strange prayers to Beogh against you.
Beogh smites you!
You die...

#...#≈≈#...#.#.#
.###≈..≈###..#.#
.............#.#
#.......######.#
#.......# #.#
#.......# #.#
#.......# #.#
#.......# ####.####
#.......# #.....@o#
######### #.##.##†#
###########....##.#
.............####.#
.####..###...####.#
.#.......#........#
...##..#.....######
.####..###.###
.####..###.#


You could see an orc priest.

Vanquished Creatures
  3 adders (D:2)
  An ooze (D:2)
  5 worms (D:2)
  A dart slug (D:2)
  An orc (D:2)
  2 ball pythons (D:1)
  7 bats
  A giant cockroach (D:2)
  5 goblins
  5 hobgoblins
  6 kobolds
  2 quokkas (D:2)
  3 frilled lizards (D:2)
  11 rats
53 creatures vanquished.

Notes
Turn   | Place    | Note
-------+----------+-------------------------------------------
     0 | D:1      | Gottschkopf the Minotaur Fighter began the quest for the Orb.
     0 | D:1      | Reached XP level 1. HP: 19/19 MP: 0/0
   138 | D:1      | Reached skill level 4 in Fighting
   212 | D:1      | Reached XP level 2. HP: 27/27 MP: 1/1
   681 | D:2      | Noticed a moth of wrath
   683 | D:2      | Found a bloodstained altar of Trog.
   711 | D:2      | Reached skill level 5 in Fighting
   960 | D:2      | Reached XP level 3. HP: 34/36 MP: 2/2
  1094 | D:2      | Reached XP level 4. HP: 35/44 MP: 3/3
  1129 | D:2      | Reached skill level 6 in Fighting
  1583 | D:2      | Killed from afar by an orc priest

Skill      XL: |  1  2  3  4 |
---------------+-------------+-----
Fighting       | 4 5 6 |  6.4
Long Blades    | |  2.4
Armour         | |  3.6
Shields        | |  3.6

Action                   |  1- 3 |  4- 6 || total
-------------------------+-------+-------++-------
Melee: Long sword        |    63 |    40 ||   103
       Headbutt          |    15 |     7 ||    22
  Eat: Chunk             |     1 |     1 ||     2
Armor: Scale mail        |    24 |    16 ||    40
Dodge: Dodged            |    27 |    12 ||    39
Block: Shield            |    28 |    25 ||    53
       Rpst.: Long sword |    10 |     1 ||    11
